 Dungeon Crawl Stone Soup version 0.19.5 (webtiles) character file.

51 kysmasi the Magician (level 3, -1/23 HPs)
             Began as an Octopode Wanderer on Nov 8, 2017.
             Slain by an adder (4 damage)
             ... on level 2 of the Dungeon.
             The game lasted 00:08:01 (1707 turns).

kysmasi the Magician (Octopode Wanderer)            Turns: 1707, Time: 00:08:03

Health: -1/23      AC:  1    Str: 12    XL:     3   Next: 81%
Magic:  1/7        EV: 12    Int: 17    God:
Gold:   46         SH:  0    Dex:  8    Spells: 1 memorised, 7 levels left

rFire  . . .     SeeInvis .     b - +2 mace
rCold  . . .     Gourm    .     (no shield)
rNeg   . . .     Faith    .     (helmet restricted)
rPois  .         Spirit   .     (no amulet)
rElec  .         Reflect  .     (no ring)
rCorr  .         Harm     .     (no ring)
MR     .....                    (no ring)
Stlth  +++.......               (no ring)
                                (no ring)
                                (no ring)
                                (no ring)
                                (no ring)

@: lethally poisoned (-1 -> -7), very slightly contaminated
A: almost no armour, stealthy swim, amphibious, 8 rings, constrict 8, camouflage
1, gelatinous body 1
a: no special abilities


You were on level 2 of the Dungeon.
You were very hungry.

You visited 1 branch of the dungeon, and saw 2 of its levels.

You collected 46 gold pieces.

Inventory:

Hand Weapons
 b - a +2 mace (weapon)
Armour
 e - a +2 robe of fire resistance
 h - a cursed +0 cloak
Scrolls
 c - a scroll of teleportation
Potions
 i - a potion of curing {unknown}
Books
 a - a book of Minor Magic

   Spells                             Type                      Level
   a - Magic Dart                     Conjuration                  1
   b - Blink                          Translocation                2
   c - Call Imp                       Summoning                    2
   d - Repel Missiles                 Charms/Air                   2
   e - Slow                           Hexes                        2
   f - Conjure Flame                  Conjuration/Fire             3
   g - Mephitic Cloud                 Conjuration/Poison/Air       3
Comestibles
 d - 2 bread rations
 f - 9 fruits
 g - a meat ration


   Skills:
 - Level 1.2 Fighting
 - Level 2.0 Maces & Flails
 + Level 0.8 Dodging
 + Level 2.2 Stealth
 + Level 3.2 Spellcasting
 * Level 2.2 Conjurations
   Level 2.0 Translocations
   Level 1.1 Evocations


You had 7 spell levels left.
You knew the following spells:

 Your Spells              Type           Power        Failure   Level  Hunger
a - Magic Dart            Conj           ##..         10%         1    None


Dungeon Overview and Level Annotations

Branches:
Dungeon (2/15)

Altars:


Innate Abilities, Weirdness & Mutations

You cannot wear most types of armour.
You are very stealthy in the water. (Stealth+)
You are amphibious.
You can wear up to eight rings at the same time.
You can use your tentacles to constrict eight enemies at once.
Your skin changes colour to match your surroundings (Stealth+).
Your rubbery body absorbs attacks. (AC +1, EV +1)


Message History

You constrict the adder.
You feel sick. The adder bites you. The adder closely misses you.
You hit the adder.
You kill the adder!
The adder closely misses you.
You miss the adder. Your grab misses the adder.
You feel sick. The adder bites you. x2
* * * LOW HITPOINT WARNING * * *
You are more poisoned.
The adder poisons you!
You hit the adder. Your grab misses the adder.
The adder is moderately wounded.
* * * LOW HITPOINT WARNING * * *
You feel sick. The adder barely misses you.
You barely miss the adder. Your grab misses the adder.
Your squeeze misses the adder.
The adder is moderately wounded.
* * * LOW HITPOINT WARNING * * *
You feel sick. The adder barely misses you. The adder bites you.
You die...

... ... ### #.# #..##.#
.)...# #...# #..# ## #S#
.. #..# #@# # #.
#...###.###### # .
.............#
#>..#>##....##># #..
#.#####.# ### #..##.# #.#
.. #...#(#####.##.### ##
.# #..................
###..###...#..####.##....#


You could see an adder.

Vanquished Creatures
  2 adders (D:2)
  A dart slug (D:1)
  A leopard gecko (D:1)
  2 giant cockroaches (D:1)
  6 goblins
  2 hobgoblins (D:2)
  A ball python (D:1)
  2 bats (D:1)
  2 frilled lizards (D:1)
  9 kobolds
  3 rats
31 creatures vanquished.

Notes
Turn   | Place    | Note
-------+----------+-------------------------------------------
     0 | D:1      | kysmasi the Octopode Wanderer began the quest for the Orb.
     0 | D:1      | kysmasi set off with: a book of Minor Magic, a +0 mace, a scroll of teleportation, a bread ration
     0 | D:1      | Reached XP level 1. HP: 13/13 MP: 4/4
     2 | D:1      | Learned a level 1 spell: Magic Dart
   379 | D:1      | Reached skill level 1 in Conjurations
   439 | D:1      | Reached XP level 2. HP: 12/18 MP: 1/6
  1093 | D:1      | Reached XP level 3. HP: 23/23 MP: 4/7
  1707 | D:2      | Slain by an adder

Skill      XL: |  1  2  3 |
---------------+----------+-----
Conjurations   | 1 2 |  2.2
Stealth        | 2 |  2.2
Fighting       | |  1.2
Maces & Flails | |  2.0
Dodging        | |  0.8
Spellcasting   | |  3.2
Translocations | |  2.0
Evocations     | |  1.1

Action                   || total
-------------------------++-------
Melee: Mace              ||    31
       Constrict         ||    10
       Tentacles         ||     2
 Cast: Magic Dart        ||    50
  Use: Potion            ||     2
       Scroll            ||     3
  Eat: Fruit             ||     1
Armor: Skin              ||     2
Dodge: Dodged            ||    32
